 Dungeon Crawl Stone Soup version 0.30-a0-585-g93115170b9 (webtiles) character file.

Game seed: 12356786498341483931

3679 wormed the Grappler (level 9, 0/93 HPs)
             Began as a Troll Gladiator on Jan 2, 2023.
             Slain by a slime creature (5 damage)
             ... on level 9 of the Dungeon.
             The game lasted 00:06:30 (5379 turns).

wormed the Grappler (Troll Gladiator)               Turns: 5379, Time: 00:06:32

Health: 0/93       AC: 10    Str: 28    XL:     9   Next: 90%
Magic:  8/8        EV:  9    Int:  4    God:
Gold:   610        SH:  0    Dex: 11    Spells: 8/8 levels left

rFire   . . .      SeeInvis .      - Unarmed
rCold   . . .      Faith    .    (no shield)
rNeg    . . .      Spirit   .    y - +0 acid dragon scales
rPois   +          Reflect  .    b - +1 hat
rElec   .          Harm     .    o - +0 cloak
rCorr   +          Rampage  .    (gloves unavailable)
Will    .....                    (boots unavailable)
Stlth   +                        n - amulet of regeneration
HPRegen 1.95/turn                s - ring of poison resistance
MPRegen 0.11/turn                (no ring)

@: no status effects
A: large, unfitting armour, claws 3, regeneration 1, shaggy fur 1, tough skin 1
a: no special abilities


You were on level 9 of the Dungeon.
You visited 2 branches of the dungeon, and saw 10 of its levels.

You collected 610 gold pieces.

Inventory:

Missiles
 c - 3 throwing nets (quivered)
 d - 5 large rocks
Armour
 b - a +1 hat (worn)
 o - a +0 cloak (worn)
 y - +0 acid dragon scales (worn)
Jewellery
 n - an amulet of regeneration (around neck)
 s - a ring of poison resistance (left claw)
Wands
 f - a wand of flame (29)
Scrolls
 e - 3 scrolls of magic mapping
 g - a scroll of amnesia
 i - a scroll of torment
 l - 2 scrolls of teleportation
 m - a scroll of brand weapon {unknown}
 q - a scroll of enchant weapon
 t - 2 scrolls of immolation {unknown}
 w - 3 scrolls of identify
 x - a scroll of blinking {unknown}
Potions
 a - 2 potions of degeneration {unknown}
 h - 3 potions of curing
 j - a potion of lignification
 k - a potion of brilliance
 p - a potion of invisibility
 r - a potion of attraction
 u - a potion of berserk rage
 v - a potion of mutation {unknown}


   Skills:
 + Level 7.1 Fighting
 - Level 1.7 Throwing
 - Level 2.5 Dodging
 * Level 11.9 Unarmed Combat


You had 8 spell levels left.
You didn't know any spells.
Your spell library contained the following spells:

 Spells                   Type           Power      Damage    Failure   Level
 Foxfire                  Conj/Fire      0%         2x1d4     56%         1
 Magic Dart               Conj           0%         1d3       56%         1
 Slow                     Hex            0%         N/A       56%         1
 Call Imp                 Summ           0%         N/A       71%         2
 Confusing Touch          Hex            0%         N/A       91%         3
 Mephitic Cloud           Conj/Pois/Air  0%         N/A       91%         3
 Vampiric Draining        Necr           0%         2d6       91%         3
 Anguish                  Hex/Necr       0%         N/A       100%        4
 Sticky Flame             Conj/Fire      0%         2d3       100%        4
 Fire Storm               Conj/Fire      0%         5d1       100%        9


Dungeon Overview and Level Annotations

Branches:
Dungeon (9/15)             Temple (1/1) D:4
   Lair: D:8-11         Orc: D:9-12

Altars:
Ashenzari
Cheibriados
Dithmenos
Elyvilon
Fedhas
Gozag
Hepliaklqana
Kikubaaqudgha
Makhleb
Nemelex Xobeh
Qazlal
Ru
Sif Muna
Trog
Uskayaw
Vehumet
Wu Jian
Xom
Yredelemnul
Zin
The Shining One

Shops:
D:4 **   D:6 :


Innate Abilities, Weirdness & Mutations

You are too large for most types of armour.
You have claws for hands.
Your natural rate of healing is unusually fast.
You are covered in fur. (AC +1)
You have tough skin. (AC +1)


Message History

The red ugly thing is heavily wounded.
The red ugly thing stings you but does no damage.
You scratch the red ugly thing but do no damage.
Your claw misses the red ugly thing.
The red ugly thing is heavily wounded.
The orc priest closely misses you. The red ugly thing barely misses you.
You closely miss the red ugly thing.
The red ugly thing is heavily wounded.
The orc priest looks braver for a moment.
The red ugly thing stings you.
You are engulfed in flames!
You claw the red ugly thing! x2
The red ugly thing is almost dead.
The orc priest miscasts a cantrip.
You mangle the red ugly thing!!
You kill the red ugly thing!
Your Fighting skill increases to level 7!
You claw the white ugly thing!
The white ugly thing is lightly wounded.
The orc priest hits you with a +0 hand axe.
The white ugly thing engulfs you but does no damage.
You barely miss the white ugly thing.
The white ugly thing is lightly wounded.
The orc priest hits you but does no damage.
The slime creature hits you but does no damage.
You closely miss the white ugly thing.
The white ugly thing is lightly wounded.
The white ugly thing engulfs you. The white ugly thing freezes you!
The orc priest hits you but does no damage.
The slime creature hits you!
You are too injured to fight recklessly!
You are too injured to fight recklessly!
You are too injured to fight recklessly!
You mangle the slime creature!!
The slime creature is moderately wounded.
The white ugly thing engulfs you. The white ugly thing freezes you!!
* * * LOW HITPOINT WARNING * * *
The orc priest hits you with a +0 hand axe.
* * * LOW HITPOINT WARNING * * *
The slime creature hits you.
You die...

..............#
..............# ##
##............###.###
#...........##..#..##
#..........##..#.#..##
#.........##..#...#.. #
#.........#..#..#.. ..#
#.........#.#..#.#..#
##..........#..#@o:#
...........#.#.J#u#..#
.........).#..#..#..
..#
...........##.}#...#..
#
............##..#.#..##
.............##..#..#
......)....... ##.###
.............. #..
##.........[.. #.


You could see a white ugly thing, a slime creature and an orc priest.

Vanquished Creatures
  An ugly thing (D:9)
  Maggie (D:7)
  A wyvern (D:9)
  Eustachio (D:5)
  3 steam dragons
  2 water moccasins
  A sky beast (D:6)
  An ice beast (D:6)
  An orc warrior (D:7)
  3 ogres
  2 bullfrogs
  A kobold brigand (D:8)
  A necrophage (D:4)
  A gnoll sergeant (D:5)
  3 scorpions
  A wight (D:9)
  A howler monkey (D:9)
  7 hounds
  3 jellies
  2 orc priests
  A gnoll bouda (D:7)
  5 iguanas
  Jessica (D:3)
  5 orc wizards
  14 gnolls
  5 adders
  2 white imps
  An ufetubus (D:6)
  2 worms
  6 dart slugs
  33 orcs
  5 bats
  9 endoplasms
  2 giant cockroaches (D:1)
  8 goblins
  6 hobgoblins
  4 jackals
  2 quokkas (D:1)
  5 ball pythons
  4 frilled lizards
  8 kobolds
  6 rats
171 creatures vanquished.

Notes
Turn   | Place    | Note
-------+----------+-------------------------------------------
     0 | D:1      | wormed the Troll Gladiator began the quest for the Orb.
     0 | D:1      | Reached XP level 1. HP: 19/19 MP: 0/0
   127 | D:1      | Reached XP level 2. HP: 28/28 MP: 1/1
   284 | D:1      | Reached XP level 3. HP: 35/35 MP: 2/2
   583 | D:2      | Reached skill level 4 in Unarmed Combat
   935 | D:3      | Reached XP level 4. HP: 44/44 MP: 3/3
  1012 | D:3      | Noticed Jessica
  1018 | D:3      | Killed Jessica
  1047 | D:3      | Found a large runed translucent door.
  1063 | D:3      | Found a large runed translucent door.
  1202 | D:3      | Reached XP level 5. HP: 48/50 MP: 4/4
  1253 | D:3      | Reached skill level 5 in Unarmed Combat
  1530 | D:3      | Found a sparkling altar of Nemelex Xobeh.
  1536 | D:3      | Found a radiant altar of Vehumet.
  1567 | D:4      | Noticed an ogre
  1570 | D:4      | Killed an ogre
  1577 | D:4      | Reached XP level 6. HP: 61/61 MP: 5/5
  1586 | D:4      | Found a staircase to the Ecumenical Temple.
  1594 | D:4      | Found Peraruxe's Specific Store.
  1598 | D:4      | Found Necied's General Store.
  1705 | D:4      | Reached skill level 6 in Unarmed Combat
  1738 | Temple   | Entered the Ecumenical Temple
  1738 | Temple   | Found a transporter.
  1738 | Temple   | Found a transporter.
  1740 | Temple   | Found a transporter.
  1740 | Temple   | Found a transporter.
  2339 | D:5      | Entered Level 5 of the Dungeon
  2423 | D:5      | Reached XP level 7. HP: 61/68 MP: 6/6
  2476 | D:5      | Reached skill level 7 in Unarmed Combat
  2848 | D:5      | Reached skill level 8 in Unarmed Combat
  2905 | D:5      | Reached XP level 8. HP: 71/79 MP: 7/7
  2977 | D:5      | Noticed Eustachio
  3009 | D:5      | Killed Eustachio
  3535 | D:6      | Reached skill level 5 in Fighting
  3555 | D:6      | Reached skill level 9 in Unarmed Combat
  3808 | D:6      | Found Hutoze's Book Shop.
  4125 | D:7      | Reached skill level 10 in Unarmed Combat
  4145 | D:7      | Reached XP level 9. HP: 89/89 MP: 8/8
  4264 | D:7      | Found a blossoming altar of Fedhas.
  4354 | D:7      | Noticed Maggie
  4363 | D:7      | Killed Maggie
  4707 | D:8      | Reached skill level 11 in Unarmed Combat
  4787 | D:8      | Got the Compilation of Molten Necromancy
  4839 | D:8      | Found a basalt altar of Yredelemnul.
  5367 | D:9      | Noticed a red ugly thing
  5367 | D:9      | Noticed a green ugly thing
  5375 | D:9      | Killed a red ugly thing
  5379 | D:9      | Slain by a slime creature

Illustrated notes

Levels and vault maps discovered:
D:1:      ncdulo_watergridlock, layout_rooms
D:2:      layout_rooms, chequers_jeans, minmay_misc_feat_alley,
          minmay_pentomino_v4
D:3:      layout_loops_ring, jmf_multi_god_temple2, uniq_jessica
D:4:      layout_basic, minmay_temple_entry_statues_pillars,
          nicolae_specific_store, minmay_misc_feat_five
D:5:      layout_layer_cave, uniq_eustachio
D:6:      layout_rooms, serial_shops, shop_statue
D:7:      layout_basic, fedhas_altar_2, nicolae_underground_beach, uniq_maggie
D:8:      layout_loops_ring, general_overflow_altar
D:9:      minmay_the_grid_octo_tiled_squarecenter
          [minmay_the_grid_octo_thin_diamonds, minmay_the_grid_octo_77,
          minmay_the_grid_octo_focus, minmay_the_grid_octo_empty,
          minmay_the_grid_square_5x5_megaprize_crossed,
          minmay_the_grid_square_5x5_inner_v,
          minmay_the_grid_square_5x5_tetrominoes,
          minmay_the_grid_square_5x5_minivault,
          minmay_the_grid_square_5x5_bracketed], layout_irregular_city,
          minmay_orc_entry_temple_small, hangedman_decor_push
Temple:   hellmonk_temple_divided_pantheon

Skill      XL: |  1  2  3  4  5  6  7  8  9 |
---------------+----------------------------+-----
Fighting       | 2 3 4 5 7 |  7.1
Unarmed Combat | 4 5 6 8 10 11 | 11.9
Throwing       | |  1.7
Dodging        | |  2.5

Action                   |  1- 3 |  4- 6 |  7- 9 || total
-------------------------+-------+-------+-------++-------
Melee: Unarmed           |   110 |   111 |   264 ||   485
       Punch             |     3 |     2 |     7 ||    12
  Use: Scroll            |       |       |    13 ||    13
 Stab: Sleeping          |       |       |     1 ||     1
Armor: Robe              |    47 |    29 |    64 ||   140
       Acid dragon scale |       |       |    22 ||    22
       Steam dragon scal |       |       |     7 ||     7
Dodge: Dodged            |    62 |    52 |   128 ||   242

Table legend: (Time is in decaauts)
 A = Elapsed time spent in this place.
 B = Non-inter-level travel time spent in this place.
 C = Inter-level travel time spent in this place.
 D = Time resting spent in this place.
 E = Time spent auto-exploring this place.
 F = Levels seen in this place.
 G = Mean time per level.
                   A        B        C        D        E       F      G
               +--------+--------+--------+--------+--------+-----+--------+
         Total |   5315 |   5182 |    133 |     14 |   4026 |  10 |  531.5 |
       Dungeon |   5279 |   5146 |    133 |     14 |   4020 |   9 |  586.6 |
        Temple |     36 |     36 |      0 |      0 |      6 |   1 |   36.0 |
               +--------+--------+--------+--------+--------+-----+--------+

Top non-repeatable levels by time:
     D:5: 1154 daAuts
     D:4: 729 daAuts
     D:3: 674 daAuts
     D:7: 607 daAuts
     D:6: 538 daAuts
     D:8: 529 daAuts
     D:2: 471 daAuts
     D:1: 408 daAuts
     D:9: 165 daAuts
  Temple: 36 daAuts
